AoeStats
← masvgp

Black Forest

506033744Analyzed
4v4 RM · 19d ago on Sep 12, 2026· 36m 51s· 8 players
Game mode
Random Map
Map size
Large (8 player)
Population
200
Speed
Normal
Resources
Standard
Victory
Conquest
Starting age
Dark Age
Ending age
Imperial Age
RankedLock teamsTeams togetherTeam positionsShared explorationLock speedFull tech treeHidden civsTurbo modeCheats
Victory
Defeat
🇲🇽 Ethiopians · Mexico
1034
+13
🇲🇽 Celts · Mexico
1032
+13
🇺🇸 Burgundians · United States
971
+16
🇺🇸 Slavs · United States
958
+16
🇺🇸 Gurjaras · United States
981
-15
🇨🇴 Portuguese · Colombia
976
-24
🇺🇸 Khmer · United States
962
-14
🇨🇳 Saracens · China
960
-14
bfh529
0:27 Loom
10:34 Feudal Age
19:14 Castle Age
17:20 Stone Mining
17:17 Double-Bit Axe
17:13 Horse Collar
19:24 Wheelbarrow
21:17 Town Watch
33:34 Hand Cart
34:00 Fletching
34:43 Bodkin Arrow
masvgp
11:24 Feudal Age
11:18 Loom
12:01 Loom
12:49 Double-Bit Axe
15:29 Castle Age
13:31 Horse Collar
16:54 Bow Saw
18:01 Wheelbarrow
20:34 Stone Mining
20:59 Fletching
22:02 Bodkin Arrow
24:34 Gold Mining
27:03 Gold Shaft Mining
28:13 Ballistics
31:49 Imperial Age
33:16 Hand Cart
34:52 Double Crossbow
cristianalarconcalderon
12:50 Feudal Age
20:55 Castle Age
夏洛克小光
1:01 Loom
12:06 Feudal Age
12:32 Double-Bit Axe
18:28 Castle Age
18:05 Gold Mining
19:47 Bow Saw
19:05 Man-at-Arms
21:58 Pikeman
22:39 Squires
26:23 Scale Mail Armor
26:33 Forging
26:23 Elite Skirmisher
28:45 Chain Mail Armor
29:06 Iron Casting
Mr Ben Wayde
11:53 Feudal Age
15:51 Gold Mining
15:44 Horse Collar
18:27 Castle Age
18:29 Cavalier
19:27 Double-Bit Axe
19:53 Loom
34:12 Heavy Plow
34:26 Bow Saw
lml_IngEddie_lml
1:13 Loom
12:05 Feudal Age
17:09 Castle Age
15:16 Stone Mining
16:09 Double-Bit Axe
17:20 Wheelbarrow
18:30 Gold Mining
18:58 Bow Saw
19:26 Hand Cart
25:23 Arson
27:05 Fletching
27:42 Scale Mail Armor
29:28 Squires
30:33 Chain Mail Armor
31:19 Forging
32:08 Gold Shaft Mining
32:36 Town Watch
33:40 Stone Shaft Mining
33:47 Iron Casting
33:08 Bodkin Arrow
34:54 Husbandry
38:03 Imperial Age
36:07 Scale Barding Armor
37:29 Chain Barding Armor
37:12 Padded Archer Armor
Elma Kanon
0:34 Loom
12:22 Feudal Age
16:10 Castle Age
14:58 Double-Bit Axe
21:24 Horse Collar
24:16 Gold Mining
24:28 Heavy Plow
25:57 Gold Shaft Mining
31:17 Imperial Age
29:27 Wheelbarrow
30:33 Ballistics
33:02 Chemistry
32:32 Bow Saw
32:46 Hand Cart
32:14 Onager
32:44 Capped Ram
34:42 Siege Onager
36:30 Heavy Scorpion
Wangdangdoodle
0:29 Loom
11:28 Feudal Age
11:49 Man-at-Arms
20:43 Castle Age
19:56 Double-Bit Axe
21:21 Forging
21:12 Scale Mail Armor
24:00 Long Swordsman
24:09 Long Swordsman
26:17 Horse Collar
28:01 Gold Mining
28:02 Stone Mining
29:03 Chain Mail Armor
33:52 Wheelbarrow
36:06 Imperial Age
33:32 Town Watch
36:00 Hand Cart
37:00 Iron Casting
36:26 Two-Handed Swordsman
Connection lost

Rejoining the realm…

Still unreachable

The connection could not be restored.

Session expired

The server has moved on; the page needs a fresh start.